 Dungeon Crawl Stone Soup version 0.31-a0-7-g51783674b7 (webtiles) character file.

Game seed: 4343206206827028208

140 BlasphemerAmon the Shield-Bearer (level 5, -6/42 HPs)
             Began as a Formicid Fighter on May 5, 2023.
             Mangled by Terence
             ... wielding a +0 morningstar
              (11 damage)
             ... on level 3 of the Dungeon.
             The game lasted 00:03:27 (1882 turns).

BlasphemerAmon the Shield-Bearer (Formicid Fighter) Turns: 1882, Time: 00:03:28

Health: -6/42      AC:  6    Str: 22    XL:     5   Next: 47%
Magic:  5/5        EV:  8    Int:  8    God:
Gold:   102        SH:  5    Dex: 13    Spells: 4/4 levels left

rFire   . . .        a - +1 long sword
rCold   . . .        c - +0 buckler
rNeg    . . .        i - +0 chain mail
rPois   .            (helmet unavailable)
rElec   .            (no cloak)
rCorr   .            (no gloves)
SInv    +            n - +0 pair of boots
Will    .....        (no amulet) Stlth
                     (no ring)
HPRegen 0.27/turn    (no ring)
MPRegen 0.09/turn

%: clarity
@: no status effects
A: permanent stasis, dig shafts and tunnels, antennae 3, four strong arms, see
invisible, clarity, deformed body, MP-powered wands
a: Dig, Shaft Self


You were on level 3 of the Dungeon.
You visited 1 branch of the dungeon, and saw 3 of its levels.

You collected 102 gold pieces.

Inventory:

Hand Weapons
 a - a +1 long sword (weapon)
 g - a +2 short sword of flaming
Armour
 b - a +0 scale mail
 c - a +0 buckler (worn)
 i - a +0 chain mail (worn)
 n - a +0 pair of boots (worn)
Scrolls
 f - 2 scrolls of identify
 k - 2 scrolls of teleportation
Potions
 d - a potion of might
 j - a potion of invisibility {unknown}
 m - a potion of flight {unknown}


   Skills:
 + Level 4.2 Fighting
 + Level 3.1 Long Blades
 + Level 4.2 Armour
 + Level 5.1 Shields


You had 4 spell levels left.
You didn't know any spells.
Your spell library contained the following spells:

 Spells                   Type           Power      Damage    Failure   Level
 Summon Small Mammal      Summ           0%         N/A       97%         1
 Call Canine Familiar     Summ           0%         N/A       100%        3
 Summon Guardian Golem    Hex/Summ       0%         N/A       100%        3


Dungeon Overview and Level Annotations

Branches:
Dungeon (3/15)

Altars:
Xom
The Shining One

Annotations:
D:3 Terence


Innate Abilities, Weirdness & Mutations

You cannot be hasted, slowed, berserked, paralysed or teleported.
You can dig through walls and to a lower floor.
You have a pair of large antennae on your head. (SInv)
Your four strong arms can wield two-handed weapons with a shield.
You have supernaturally acute eyesight. (SInv)
You possess an exceptional clarity of mind.
Armour fits poorly on your strangely shaped body.
You expend magic power (3 MP) to strengthen your wands.


Message History

As you read the scroll labelled BOUR KOYPSAEWN, it crumbles to dust.
It is a scroll of identify.
o - a scroll of enchant weapon
As you read the scroll of enchant weapon, it crumbles to dust.
Your +0 long sword glows red for a moment.
Your +2 short sword of flaming stops flaming.
a - a +1 long sword (weapon)
Key pressed, stopping explore.
Found a stone staircase leading down.
Found a dagger.
You now have 102 gold pieces (gained 11).
A goblin comes into view. It is wielding a +0 club.
A goblin is nearby!
The goblin shouts!
Terence the Incautious comes into view.
He is wielding a +0 morningstar.
You barely miss the goblin. The goblin closely misses you.
The goblin hits you with a +0 club.
You closely miss the goblin. The goblin closely misses you.
You completely miss the goblin. The goblin hits you but does no damage.
You hit Terence.
Terence is moderately wounded.
The goblin hits you but does no damage. Terence hits you with a +0 morningstar!
You hit Terence.
Terence is heavily wounded.
The goblin hits you with a +0 club. You block Terence's attack.
Terence hits you with a +0 morningstar. The goblin hits you with a +0 club.
You hit Terence but do no damage.
Terence is heavily wounded.
The goblin hits you but does no damage. Terence hits you but does no damage.
You barely miss Terence.
Terence is heavily wounded.
The goblin hits you with a +0 club. Terence hits you with a +0 morningstar!
You hit Terence but do no damage.
Terence is heavily wounded.
The goblin closely misses you. Terence hits you with a +0 morningstar!
* * * LOW HITPOINT WARNING * * *
You hit Terence.
Terence is severely wounded.
The goblin closely misses you. Terence hits you with a +0 morningstar!
You die...

..#..##.........
###...####..#..[.
#...#.##....<....
#.#......#..#..##
###...#.####..#....
####...###..##........
..#........##.#........#
......@....##..........#
......g@..)##..........#
..#........##..........#
.....>......##.........#
.......................#
..........$............#
.........#..#..........#
..........#.##..........
........#. .............
#...........


You could see Terence and a goblin.

Vanquished Creatures
  6 gnolls
  3 adders
  A dart slug (D:1)
  4 endoplasms
  4 giant cockroaches
  4 goblins (D:1)
  2 hobgoblins
  4 jackals
  2 quokkas
  4 ball pythons
  6 bats
  3 frilled lizards (D:1)
  9 kobolds
  3 rats
55 creatures vanquished.

Notes
Turn   | Place    | Note
-------+----------+-------------------------------------------
     0 | D:1      | BlasphemerAmon the Formicid Fighter began the quest for the
                  | Orb.
     0 | D:1      | Reached XP level 1. HP: 18/18 MP: 1/1
     3 | D:1      | Noticed an electric eel
     4 | D:1      | Noticed an electric eel
    83 | D:1      | Reached XP level 2. HP: 19/24 MP: 2/2
   271 | D:1      | Reached XP level 3. HP: 15/29 MP: 3/3
   927 | D:1      | You fall into a shaft and drop 1 floor!
  1069 | D:2      | Reached XP level 4. HP: 34/37 MP: 4/4
  1456 | D:2      | Found a shimmering altar of Xom.
  1597 | D:3      | Reached XP level 5. HP: 31/42 MP: 5/5
  1604 | D:3      | HP: 1/42 [kobold/+0 whip (5)]
  1609 | D:3      | Reached skill level 5 in Shields
  1624 | D:3      | HP: 1/42 [poisoned by an adder]
  1626 | D:3      | Gained mutation: You possess an exceptional clarity of
                  | mind. [potion of mutation]
  1626 | D:3      | Gained mutation: Armour fits poorly on your strangely
                  | shaped body. [potion of mutation]
  1626 | D:3      | Gained mutation: You expend magic power (3 MP) to
                  | strengthen your wands. [potion of mutation]
  1626 | D:3      | Gained mutation: You have supernaturally acute eyesight.
                  | (SInv) [potion of mutation]
  1817 | D:3      | Found a glowing golden altar of the Shining One.
  1872 | D:3      | Noticed Terence
  1882 | D:3      | Mangled by Terence

Illustrated notes

Levels and vault maps discovered:
D:1:      arrival_aquarium_b, layout_basic
D:2:      layout_basic, basic_altar, dk_noncrumbling_4
D:3:      layout_rooms, nicolae_overflow_quartered_altars,
          minmay_misc_feat_room, uniq_terence, uniq_jessica

Skill      XL: |  1  2  3  4  5 |
---------------+----------------+-----
Fighting       | 4 |  4.2
Armour         | 4 |  4.2
Long Blades    | 3 |  3.1
Shields        | 5 |  5.1

Action                     |  1- 3 |  4- 6 || total
---------------------------+-------+-------++-------
  Melee: Long sword        |    66 |     9 ||    75
         Short sword       |    72 |    65 ||   137
    Use: Potion            |       |     4 ||     4
         Scroll            |       |     3 ||     3
 Armour: Scale mail        |    60 |       ||    60
         Chain mail        |     8 |    46 ||    54
  Dodge: Dodged            |    68 |    47 ||   115
  Block: Buckler           |    44 |    16 ||    60

Table legend: (Time is in decaauts)
 A = Elapsed time spent in this place.
 B = Non-inter-level travel time spent in this place.
 C = Inter-level travel time spent in this place.
 D = Time resting spent in this place.
 E = Time spent auto-exploring this place.
 F = Levels seen in this place.
 G = Mean time per level.
                   A        B        C        D        E       F      G
               +--------+--------+--------+--------+--------+-----+--------+
         Total |   1898 |   1781 |    117 |    139 |   1201 |   3 |  632.7 |
       Dungeon |   1898 |   1781 |    117 |    139 |   1201 |   3 |  632.7 |
               +--------+--------+--------+--------+--------+-----+--------+

Top non-repeatable levels by time:
     D:1: 946 daAuts
     D:2: 661 daAuts
     D:3: 290 daAuts
